[Event "Titled Tuesday Blitz September 20 Late 2022"]
[White "Kollars, Dmitrij"]
[Black "Preotu, Razvan"]
[WhiteFideId "12909572"]
[BlackFideId "2613280"]
[WhiteElo "2584"]
[BlackElo "2407"]
[Result "0-1"]
[Round "04"]
[TimeControl "180+1"]
[Date "2022.09.20"]
[WhiteClock "0:00:01"]
[BlackClock "0:00:09"]

1. c4 c5 2. Nc3 Nc6 3. Nf3 g6 4. e3 Nf6 5. d4 cxd4 6. exd4 d5 7. cxd5 Nxd5 8. Bc4 Nb6 9. Bb3 Bg7 10. d5 Na5 11. O-O O-O 12. Re1 Bg4 13. h3 Bxf3 14. Qxf3 Re8 15. Bg5 Nxb3 16. axb3 Bxc3 17. bxc3 Qxd5 18. Qxd5 Nxd5 19. c4 Nb4 20. Rxe7 Rxe7 21. Bxe7 Nc6 22. Bf6 Re8 23. b4 a6 24. b5 Ne5 25. bxa6 bxa6 26. Bxe5 Rxe5 27. Rxa6 Re1+ 28. Kh2 Rc1 29. Rc6 Rc3 30. g4 Kf8 31. Kg2 Ke7 32. Rc7+ Ke6 33. g5 Kf5 34. h4 Kg4 35. Rxf7 Kxh4 36. Rxh7+ Kxg5 37. Rc7 Kf4 38. c5 Ke5 39. f3 Kd5 40. Rd7+ Kc6 41. Rd6+ Kxc5 42. Rxg6 Kd5 43. Kg3 Rc8 44. Kg4 Rf8 45. f4 Rf7 46. f5 Rf8 47. Kg5 Ke5 48. Re6+ Kd5 49. Re2 Kd6 50. f6 Kd7 51. Kg6 Rg8+ 52. Kh7 Rg1 53. f7 Rh1+ 54. Kg7 Rg1+ 55. Kf8 Rf1 56. Rd2+ Kc7 57. Rd4 Rf2 0-1


[Site "https://www.chess.com"]

[Event "Titled Tuesday Blitz September 20 Late 2022"]
[White "Lenderman, Aleksandr"]
[Black "Kravtsiv, Martyn"]
[WhiteFideId "2021285"]
[BlackFideId "14113147"]
[WhiteElo "2607"]
[BlackElo "2694"]
[Result "1-0"]
[Round "04"]
[TimeControl "180+1"]
[Date "2022.09.20"]
[WhiteClock "0:01:12"]
[BlackClock "0:00:03"]

1. e4 e5 2. Nf3 Nc6 3. d4 exd4 4. Nxd4 Nf6 5. Nc3 Bb4 6. Nxc6 bxc6 7. Bd3 O-O 8. O-O d5 9. exd5 cxd5 10. Qf3 c6 11. h3 Be6 12. Ne2 Bd6 13. Nd4 Bc7 14. Bf4 c5 15. Nc6 Qe8 16. Bxc7 Qxc6 17. Be5 Nd7 18. Bc3 Rac8 19. Rfe1 d4 20. Qxc6 Rxc6 21. Bd2 c4 22. Be4 Rb6 23. b3 Rc8 24. Rad1 Nf6 25. Bf3 d3 26. cxd3 cxb3 27. Be3 bxa2 28. Bxb6 axb6 29. d4 Nd5 30. Ra1 Nb4 31. d5 Bf5 32. Be4 g6 33. Bxf5 gxf5 34. d6 Kf8 35. Red1 Ra8 36. Rd4 Nc6 37. Rd2 Ke8 38. Raxa2 Rxa2 39. Rxa2 Kd7 40. Rb2 Kxd6 41. Rxb6 1-0


[Site "https://www.chess.com"]

[Event "Titled Tuesday Blitz September 20 Late 2022"]
[White "Lin, Dachey"]
[Black "Bok, Benjamin"]
[WhiteFideId "2029650"]
[BlackFideId "1017063"]
[WhiteElo "2313"]
[BlackElo "2658"]
[Result "1-0"]
[Round "04"]
[TimeControl "180+1"]
[Date "2022.09.20"]
[WhiteClock "0:00:33"]
[BlackClock "0:00:24"]

1. Nc3 Nf6 2. e4 e5 3. f4 d5 4. fxe5 Nxe4 5. Qf3 f5 6. d3 Nxc3 7. bxc3 d4 8. Qg3 Nc6 9. Be2 dxc3 10. Bh5+ Kd7 11. Ne2 Qe7 12. d4 b6 13. O-O Ba6 14. Bg5 Qe6 15. d5 Qxd5 16. Rfd1 Bc5+ 17. Be3 Nd4 18. Nxd4 Kc8 19. Bf3 Qc4 20. Bxa8 g6 21. Bf3 Rd8 22. Be2 Qa4 23. Bxa6+ Qxa6 24. Ne6 Rxd1+ 25. Rxd1 Qe2 26. Re1 Bxe3+ 27. Qxe3 Qxc2 28. Rc1 Qxa2 29. Qxc3 1-0


[Site "https://www.chess.com"]

[Event "Titled Tuesday Blitz September 20 Late 2022"]
[White "Livaic, Leon"]
[Black "Bashirli, Nail"]
[WhiteFideId "14531534"]
[BlackFideId "13406809"]
[WhiteElo "2540"]
[BlackElo "2333"]
[Result "1-0"]
[Round "04"]
[TimeControl "180+1"]
[Date "2022.09.20"]
[WhiteClock "0:00:23"]
[BlackClock "0:00:06"]

1. d4 Nf6 2. c4 e6 3. Nf3 b6 4. Bf4 Ba6 5. e3 Bb4+ 6. Nc3 O-O 7. Qc2 c5 8. dxc5 bxc5 9. Bd3 d5 10. O-O Bxc4 11. Bxc4 dxc4 12. Rfd1 Qb6 13. Ne4 Nbd7 14. Nd6 Qa6 15. Qxc4 Qc6 16. Rac1 Ba5 17. b4 Bxb4 18. Ne5 Nxe5 19. Bxe5 Nd7 20. Bxg7 Kxg7 21. Qxb4 cxb4 22. Rxc6 Ne5 23. Rc7 Rad8 24. f4 Ng4 25. e4 a5 26. e5 Ne3 27. Rd3 Nf5 28. Nxf5+ exf5 29. Rxd8 Rxd8 30. e6 Rd1+ 31. Kf2 Rd2+ 32. Ke3 Rxa2 33. e7 Ra1 34. Kd2 Ra2+ 35. Kd1 1-0


[Site "https://www.chess.com"]

[Event "Titled Tuesday Blitz September 20 Late 2022"]
[White "Manukyan, Sargis A."]
[Black "Bazeev, German"]
[WhiteFideId "13303970"]
[BlackFideId "24119350"]
[WhiteElo "2187"]
[BlackElo "2493"]
[Result "0-1"]
[Round "04"]
[TimeControl "180+1"]
[Date "2022.09.20"]
[WhiteClock "0:00:05"]
[BlackClock "0:01:20"]

1. Nf3 Nf6 2. c4 e6 3. d4 b6 4. Nc3 Bb4 5. Bd2 Bb7 6. e3 O-O 7. Bd3 Bxc3 8. Bxc3 Be4 9. d5 Bxd3 10. Qxd3 Qe7 11. O-O d6 12. e4 e5 13. b4 Nbd7 14. a4 a5 15. bxa5 Nc5 16. Qc2 Nfxe4 17. axb6 Nxc3 18. b7 Rxa4 19. Qxc3 Rxa1 20. Rxa1 Nxb7 21. Ra7 Nc5 22. Qa5 Rc8 23. h3 g6 24. Ra8 Rxa8 25. Qxa8+ Kg7 26. Qc8 e4 27. Nd4 e3 28. Nc6 exf2+ 29. Kxf2 Nd3+ 30. Kg1 Qe3+ 31. Kh2 Qf4+ 32. Kg1 Qf2+ 33. Kh2 Nf4 34. Qg4 h5 35. Qg5 Ne2 0-1


[Site "https://www.chess.com"]

[Event "Titled Tuesday Blitz September 20 Late 2022"]
[White "Marjanovic, Annamaria"]
[Black "Girel, Joseph"]
[WhiteFideId "750930"]
[BlackFideId "36033561"]
[WhiteElo "2156"]
[BlackElo "2104"]
[Result "0-1"]
[Round "04"]
[TimeControl "180+1"]
[Date "2022.09.20"]
[WhiteClock "0:00:08"]
[BlackClock "0:00:14"]

1. e4 c5 2. Nf3 e6 3. d4 cxd4 4. Nxd4 Nf6 5. Nc3 Nc6 6. Ndb5 Bc5 7. Nd6+ Ke7 8. Nxc8+ Rxc8 9. Be2 Qc7 10. O-O h5 11. a3 Qe5 12. g3 g5 13. Qd3 h4 14. Be3 hxg3 15. fxg3 Rh3 16. Nd5+ exd5 17. Bxc5+ d6 18. Rf5 Qxb2 19. Raf1 dxc5 20. Rxf6 Ne5 21. Qxd5 Qd4+ 22. Kg2 Qxd5 23. exd5 Rch8 24. d6+ Kd8 25. Rh1 R3h6 26. Rf5 f6 27. Bb5 a6 28. Be2 Kd7 29. h3 Kxd6 30. Rd1+ Ke6 31. Rdf1 Rxh3 32. Rxf6+ Ke7 33. g4 Rh2+ 34. Kg1 Rh1+ 35. Kg2 R8h2+ 36. Kg3 Rxe2 37. Rxh1 Kxf6 38. Rh6+ Ng6 39. Rh7 b5 40. Ra7 Re3+ 41. Kf2 Rc3 42. Rc7 Rxc2+ 43. Ke3 Rc3+ 44. Kd2 Rc4 45. Rc6+ Kg7 46. Rxa6 Ne5 47. Ra7+ Kf6 48. Ra6+ Kf7 49. Ra7+ Ke6 50. Ra6+ Kd5 51. Ra7 Rxg4 52. Ra8 Kc4 53. Re8 Nc6 54. Re6 Nd4 55. Re8 Rg2+ 56. Ke3 Re2# 0-1


[Site "https://www.chess.com"]

[Event "Titled Tuesday Blitz September 20 Late 2022"]
[White "Martinez Alcantara, Jose Eduardo"]
[Black "Safarli, Eltaj"]
[WhiteFideId "3805662"]
[BlackFideId "13402129"]
[WhiteElo "2703"]
[BlackElo "2634"]
[Result "1/2-1/2"]
[Round "04"]
[TimeControl "180+1"]
[Date "2022.09.20"]
[WhiteClock "0:00:22"]
[BlackClock "0:00:03"]

1. e4 c5 2. Nf3 Nc6 3. c3 Nf6 4. Bd3 g6 5. Bc2 Bg7 6. O-O O-O 7. h3 d5 8. e5 Ne8 9. d4 f6 10. exf6 Nxf6 11. dxc5 e5 12. Bg5 e4 13. Nd4 h6 14. Bh4 g5 15. Bg3 Kh8 16. Na3 a6 17. Ba4 Bd7 18. Bxc6 bxc6 19. Nac2 g4 20. h4 Nh5 21. Ne3 Qe7 22. Qe2 Qxc5 23. Nxg4 Nf4 24. Bxf4 Rxf4 25. Ne3 Rxh4 26. g3 Rg8 27. Ndf5 Bf6 28. Nxh4 Bxh4 29. Qh5 Bg5 30. Rae1 Qf8 31. Kg2 Be8 32. Qe2 Bd7 33. Rh1 Kh7 34. Ref1 Qf6 35. f4 Bxf4 36. Qf2 Bxg3 37. Qxf6 Be5+ 38. Kf2 Bxf6 39. Ke2 Rg6 40. Nf5 Rg2+ 41. Ke3 Bg5+ 42. Kd4 Bxf5 43. Rxf5 Kg6 44. Rf8 Rxb2 45. Ke5 e3 46. Ke6 e2 47. Rg8+ Kh7 48. Rxg5 e1=Q+ 49. Rxe1 hxg5 50. Kf7 Rf2+ 51. Ke6 Kg6 52. Kd6 Rf6+ 53. Kc5 g4 54. Kb6 Kg5 55. Kxa6 g3 56. Kb6 Kg4 57. a4 g2 58. Rg1 Kg3 59. a5 Kf2 60. Rxg2+ Kxg2 61. a6 c5+ 62. Kxc5 Rxa6 63. Kxd5 Kf3 64. c4 Ra8 65. c5 Rd8+ 66. Ke6 Rc8 67. Kd6 Ke4 68. c6 Rh8 69. c7 Kd4 70. Kd7 Kd5 71. c8=Q Rh7+ 72. Kd8 Rh8+ 73. Kc7 Rxc8+ 74. Kxc8 1/2-1/2


[Site "https://www.chess.com"]

[Event "Titled Tuesday Blitz September 20 Late 2022"]
[White "Moroni, Luca Jr"]
[Black "Andreikin, Dmitry"]
[WhiteFideId "865834"]
[BlackFideId "4158814"]
[WhiteElo "2881"]
[BlackElo "3061"]
[Result "1/2-1/2"]
[Round "04"]
[TimeControl "180+1"]
[Date "2022.09.20"]
[WhiteClock "0:00:08"]
[BlackClock "0:00:09"]

1. d4 Nf6 2. c4 g6 3. Nc3 Bg7 4. e4 O-O 5. Bd3 d6 6. Nge2 Na6 7. O-O e5 8. d5 Nc5 9. Bc2 a5 10. b3 Nh5 11. Rb1 f5 12. exf5 gxf5 13. Ng3 Nf4 14. a3 Qg5 15. b4 axb4 16. axb4 Nd7 17. Nb5 Nf6 18. Nxc7 Ra2 19. Bb3 Ng4 20. Qf3 Ra7 21. h3 Qh4 22. c5 Rf6 23. cxd6 Bd7 24. Ne6 Nxh3+ 25. gxh3 e4 26. Qg2 Ne5 27. Nxg7 Rg6 28. Ne6 Ra8 29. Kh1 Kf7 30. Nxf5 Qf6 31. Ng3 Nf3 32. Bc2 Nh4 33. Qxe4 Rxg3 34. Qxh7+ Ke8 35. Qe7+ Qxe7 36. dxe7 Rxh3+ 37. Kg1 Kxe7 38. Bg5+ Kd6 39. Bf4+ Kxd5 40. Bb3+ Rxb3 41. Rxb3 Bxe6 42. Rd1+ Ke4 43. Re3+ Kf5 44. Re5+ Kf6 45. Re3 Rg8+ 46. Bg3 Nf5 47. Rc3 Rg4 48. Kf1 Rxb4 49. Re1 Rb6 50. Kg1 Rc6 51. Rf3 Bd5 52. Rf4 Rc4 53. Rxc4 Bxc4 54. Be5+ Ke6 55. Bc3+ Kd7 56. Kg2 b5 57. Kf3 Ne7 58. Ke4 Nd5 59. Kd4 Nf4 60. Re4 Ne6+ 61. Ke5 Nc5 62. Rd4+ Kc6 63. Rd6+ Kc7 64. Ba5+ Kb7 65. Rb6+ Ka7 66. Rh6 Nd3+ 67. Kd4 Nxf2 68. Rf6 Nd3 69. Rf3 Kb7 70. Bc3 Kc6 71. Rf6+ Kd7 72. Rf3 Ke6 73. Rh3 Kf5 74. Rf3+ Ke6 75. Re3+ Kf5 76. Bd2 Kf6 77. Rf3+ Ke6 78. Rg3 Kf5 79. Be3 Ke6 80. Rg6+ Kf5 81. Rg5+ Kf6 82. Rh5 Kg6 83. Rh6+ Kf5 84. Rh8 Kg4 85. Rg8+ Bxg8 86. Kxd3 Bc4+ 87. Kd4 Kf3 88. Bd2 Ke2 89. Bb4 Kd1 90. Be7 Kc2 91. Bf8 Kb3 92. Be7 b4 93. Bxb4 1/2-1/2


[Site "https://www.chess.com"]

[Event "Titled Tuesday Blitz September 20 Late 2022"]
[White "Muradli, Mahammad"]
[Black "Leitao, Rafael"]
[WhiteFideId "13409301"]
[BlackFideId "2101246"]
[WhiteElo "2611"]
[BlackElo "2609"]
[Result "1-0"]
[Round "04"]
[TimeControl "180+1"]
[Date "2022.09.20"]
[WhiteClock "0:01:23"]
[BlackClock "0:00:59"]

1. c4 Nf6 2. Nc3 e5 3. Nf3 Nc6 4. d3 Bb4 5. Bd2 O-O 6. Rc1 a5 7. e3 Re8 8. Be2 d6 9. h3 e4 10. dxe4 Nxe4 11. Nxe4 Rxe4 12. O-O Re8 13. a3 Bxd2 14. Qxd2 a4 15. c5 dxc5 16. Rxc5 Qxd2 17. Nxd2 Rd8 18. Nf3 Bd7 19. Rfc1 Be8 20. Bb5 Ra5 21. Bxc6 Rxc5 22. Rxc5 Rd1+ 23. Kh2 Bxc6 24. Nd4 Rd2 25. Nxc6 bxc6 26. Kg3 Rxb2 27. Rxc6 Rb3 28. Ra6 g6 29. Rxa4 Kg7 30. Rc4 Rxa3 31. Rxc7 h5 32. Rb7 Ra2 33. Kf3 Rc2 34. Rd7 Rb2 35. g3 Ra2 36. Rd1 Rb2 37. Re1 Ra2 38. Re2 Kf6 39. Rxa2 1-0


[Site "https://www.chess.com"]

[Event "Titled Tuesday Blitz September 20 Late 2022"]
[White "Naroditsky, Daniel"]
[Black "Romanchuk, Viktor"]
[WhiteFideId "2026961"]
[BlackFideId "14109271"]
[WhiteElo "2628"]
[BlackElo "2242"]
[Result "1-0"]
[Round "04"]
[TimeControl "180+1"]
[Date "2022.09.20"]
[WhiteClock "0:01:59"]
[BlackClock "0:00:12"]

1. e4 e6 2. d4 d5 3. e5 c5 4. Nf3 Nc6 5. Bd3 cxd4 6. O-O Nge7 7. Re1 Ng6 8. Nbd2 Qc7 9. Bxg6 hxg6 10. Nb3 Be7 11. Nbxd4 Nxd4 12. Nxd4 Bd7 13. c3 Rh5 14. Bf4 Bc5 15. Qf3 Bxd4 16. cxd4 Rc8 17. h3 Qc2 18. Re2 Qa4 19. Rd2 Rc2 20. Rxc2 Qxc2 21. Qa3 Rf5 22. Be3 a6 23. Rc1 Qe2 24. Qd6 Qxb2 25. Rc7 Qb5 26. a4 Qxa4 27. Rxb7 Qc2 28. Rb8+ Bc8 29. Qxa6 Kd7 30. Qa7+ Qc7 31. Qa8 f6 32. g4 Rf3 33. Kg2 Rxe3 34. fxe3 fxe5 35. dxe5 Qc2+ 36. Kg3 Qc7 37. Qa4+ Kd8 38. Qb4 Qxe5+ 39. Qf4 Qf6 40. Qd6+ 1-0


[Site "https://www.chess.com"]

[Event "Titled Tuesday Blitz September 20 Late 2022"]
[White "Ozen, Bahadir"]
[Black "Bortnyk, Mykola"]
[WhiteFideId "6337058"]
[BlackFideId "14120836"]
[WhiteElo "2503"]
[BlackElo "2582"]
[Result "1/2-1/2"]
[Round "04"]
[TimeControl "180+1"]
[Date "2022.09.20"]
[WhiteClock "0:00:06"]
[BlackClock "0:00:07"]

1. Nf3 c5 2. g3 Nc6 3. Bg2 g6 4. O-O Bg7 5. c4 e6 6. Nc3 Nge7 7. d3 d5 8. Bd2 O-O 9. a3 b6 10. Rb1 a5 11. Qc1 Re8 12. Bh6 Bh8 13. Rd1 Bb7 14. Bg5 Qd7 15. Na4 Ra6 16. Nc3 Raa8 17. Na4 Nc8 18. Nc3 a4 19. Qf4 Nd4 20. Nxd4 cxd4 21. Nb5 e5 22. Qh4 Bc6 23. b3 Bxb5 24. cxb5 Qd6 25. bxa4 Rxa4 26. Rdc1 f6 27. Bd2 Ne7 28. Bb4 Qd7 29. Bh3 f5 30. Bg2 e4 31. dxe4 dxe4 32. Rd1 Qe6 33. Rbc1 Nd5 34. Rc6 Qf7 35. Rd6 Bf6 36. Qh6 Nxb4 37. axb4 Rxb4 38. Rxb6 Rb2 39. Bf1 d3 40. Rd2 Rb1 41. exd3 exd3 42. Rxd3 Qc4 43. Qd2 Bg7 44. Rc6 Qxb5 45. Rc1 Rxc1 46. Qxc1 Qe5 47. Qd1 Kh8 48. Rd5 Qf6 49. Rd6 Qf8 50. Rd7 h5 51. Qd6 Qxd6 52. Rxd6 Kh7 53. h4 Rb8 54. Kg2 Rb2 55. Kf3 Bf8 56. Rd7+ Kh6 57. Bc4 Bc5 58. Be2 Ra2 59. Rc7 Bb6 60. Rb7 Rb2 61. Rd7 Bc5 62. Rc7 Rc2 63. Rd7 g5 64. hxg5+ Kxg5 65. Rd5 Rc3+ 66. Bd3 Kg6 67. Ke2 Kf6 68. Rxf5+ Ke6 69. Rxh5 Bd4 70. Rb5 Kf6 71. f4 Ra3 72. g4 Ra2+ 73. Kf3 Ra3 74. Ke4 Bc3 75. g5+ Ke7 76. Rb6 Ra4+ 77. Kf5 Bd2 78. Be4 Ra5+ 79. Kg4 Ra4 80. Kf3 Ra3+ 81. Kg4 Ra4 82. Rb7+ Kd6 83. Kf5 Ra5+ 84. Kf6 Bxf4 85. g6 Be5+ 86. Kf7 Ra1 87. g7 Rf1+ 88. Ke8 Rg1 89. Kf8 Rf1+ 90. Rf7 Rxf7+ 91. Kxf7 Bxg7 1/2-1/2


[Site "https://www.chess.com"]

[Event "Titled Tuesday Blitz September 20 Late 2022"]
[White "Pakleza, Zbigniew"]
[Black "Souleidis, Georgios"]
[WhiteFideId "1119290"]
[BlackFideId "4206827"]
[WhiteElo "2411"]
[BlackElo "2401"]
[Result "1/2-1/2"]
[Round "04"]
[TimeControl "180+1"]
[Date "2022.09.20"]
[WhiteClock "0:00:36"]
[BlackClock "0:00:10"]

1. d4 Nf6 2. Nf3 g6 3. Bf4 Bg7 4. e3 O-O 5. Be2 d6 6. h3 Nfd7 7. O-O e5 8. Bh2 Nc6 9. c4 Kh8 10. Nc3 f5 11. Rc1 e4 12. Nd2 Nf6 13. a3 Ne7 14. b4 g5 15. d5 Ng6 16. Nb3 f4 17. Nd4 Qe7 18. c5 f3 19. gxf3 Bxh3 20. fxe4 Bxf1 21. Bxf1 Nxe4 22. Nxe4 Qxe4 23. cxd6 cxd6 24. Bxd6 Qxd5 25. Bxf8 Rxf8 26. Bg2 Qf7 27. Qf3 Bxd4 28. Qxf7 Rxf7 29. exd4 Nf4 30. Rc8+ Kg7 31. d5 Nxg2 32. Kxg2 Rd7 33. Kf3 Rxd5 34. Rc7+ Kg6 35. Ke4 Rf5 36. Rxb7 Rxf2 37. Rxa7 h5 38. Ra6+ Kg7 39. b5 h4 40. b6 h3 41. Ra8 Rb2 42. Ra7+ Kg6 43. Ra8 Rxb6 44. Rh8 Rb3 45. a4 Ra3 46. a5 Ra4+ 47. Kf3 Rxa5 48. Rxh3 Ra3+ 49. Kg2 Rxh3 50. Kxh3 Kf5 51. Kg3 g4 52. Kg2 Kf4 53. Kf2 g3+ 54. Kg2 Kg4 55. Kg1 Kf3 56. Kf1 g2+ 57. Kg1 Kg3 1/2-1/2


[Site "https://www.chess.com"]

[Event "Titled Tuesday Blitz September 20 Late 2022"]
[White "Papasimakopoulos, Alexandros"]
[Black "Kamsky, Gata"]
[WhiteFideId "4244125"]
[BlackFideId "2000024"]
[WhiteElo "2357"]
[BlackElo "2666"]
[Result "1/2-1/2"]
[Round "04"]
[TimeControl "180+1"]
[Date "2022.09.20"]
[WhiteClock "0:00:18"]
[BlackClock "0:00:07"]

1. d4 Nf6 2. c4 e6 3. Nc3 Bb4 4. Qc2 c5 5. dxc5 Qc7 6. a3 Bxc5 7. Nf3 a6 8. Bg5 Be7 9. e3 d6 10. Be2 Nbd7 11. O-O b6 12. Rfd1 Bb7 13. Rac1 O-O 14. Bh4 Rac8 15. Bg3 Rfd8 16. Rd2 Nc5 17. Rdd1 Qb8 18. Nd2 Qa8 19. f3 d5 20. cxd5 exd5 21. Be5 b5 22. Qf5 Nfd7 23. Bd4 Ne6 24. Nb3 g6 25. Qd3 Nxd4 26. Nxd4 Ne5 27. Qc2 Nc4 28. Bxc4 dxc4 29. Qf2 Bc6 30. Kh1 Qb7 31. Rd2 a5 32. Rcd1 b4 33. axb4 axb4 34. Nxc6 Qxc6 35. Nd5 Bf8 36. e4 c3 37. bxc3 bxc3 38. Rc2 Qe6 39. Qa7 Ra8 40. Qe3 Rac8 41. Rxc3 Rxc3 42. Qxc3 Bg7 43. Qc7 Ra8 44. Qc2 h5 45. h3 Kh7 46. Qf2 Be5 47. f4 Bb8 48. e5 Ra4 49. Nf6+ Kg7 50. Rd8 Bxe5 51. fxe5 Ra1+ 52. Kh2 Qxe5+ 53. Qg3 Qxg3+ 54. Kxg3 Kxf6 55. Rd3 Ra4 56. h4 Ke5 57. Re3+ Re4 58. Ra3 f6 59. Kh3 Kf5 60. Rf3+ Rf4 61. Ra3 g5 62. hxg5 fxg5 63. Ra5+ Kg6 64. Ra6+ Rf6 65. Ra5 Re6 66. Ra3 Re4 67. Ra6+ Kf5 68. Ra5+ Re5 69. Ra3 Kf4 70. g3+ Kf5 71. g4+ hxg4+ 72. Kg3 Re4 73. Ra5+ Kg6 74. Ra8 Rd4 75. Rg8+ Kf6 76. Rf8+ Kg7 77. Rf5 Kg6 78. Rf8 Re4 79. Rg8+ Kf6 80. Rf8+ Ke5 81. Rg8 Kf5 82. Rf8+ Kg6 83. Rg8+ Kh6 84. Rh8+ Kg7 85. Rh5 Kg6 86. Rh8 Rb4 87. Rg8+ Kh6 88. Rh8+ Kg7 89. Ra8 Rb6 90. Kxg4 Kg6 91. Rg8+ Kf7 92. Rxg5 Rg6 93. Kf5 Rxg5+ 94. Kxg5 1/2-1/2


[Site "https://www.chess.com"]

[Event "Titled Tuesday Blitz September 20 Late 2022"]
[White "Paravyan, David"]
[Black "Nakamura, Hikaru"]
[WhiteFideId "4194985"]
[BlackFideId "2016192"]
[WhiteElo "2892"]
[BlackElo "3248"]
[Result "1/2-1/2"]
[Round "04"]
[TimeControl "180+1"]
[Date "2022.09.20"]
[WhiteClock "0:00:08"]
[BlackClock "0:00:37"]

1. e4 c6 2. d4 d5 3. e5 Bf5 4. h4 h5 5. Bd3 Bxd3 6. Qxd3 Qa5+ 7. Nd2 Qa6 8. c4 e6 9. Ngf3 Ne7 10. O-O Nf5 11. b3 Nd7 12. Rd1 Rd8 13. Qc2 Be7 14. g3 dxc4 15. Nxc4 Nb6 16. Ne3 Nxe3 17. Bxe3 Nd5 18. Bg5 Qa3 19. Kg2 Bxg5 20. Nxg5 Ne7 21. Qe4 Qa5 22. Qf4 Nf5 23. Rd3 Qd5+ 24. Kh2 c5 25. Rad1 cxd4 26. Rxd4 Qxd4 27. Rxd4 Rxd4 28. Qf3 O-O 29. Qxh5 Nh6 30. Qf3 Rd2 31. Kh3 Rxa2 32. Ne4 Rc8 33. Qd3 Rac2 34. Qb5 b6 35. Qa6 R2c7 36. Nd6 Rd8 37. h5 Nf5 38. Nxf5 exf5 39. Qe2 Re8 40. Qd3 a5 41. f4 Ra7 42. Qxf5 b5 43. Qd3 Rb8 44. Qd6 Rba8 45. e6 fxe6 46. Qxe6+ Kh8 47. h6 a4 48. hxg7+ Rxg7 49. Qd5 Rga7 50. Qe5+ Kg8 51. Qd5+ Kh8 52. Qe5+ Kg8 53. Qd5+ Kh8 1/2-1/2


[Site "https://www.chess.com"]

[Event "Titled Tuesday Blitz September 20 Late 2022"]
[White "Perez Ponsa, Federico"]
[Black "Mortazavi, Ali"]
[WhiteFideId "117927"]
[BlackFideId "401323"]
[WhiteElo "2604"]
[BlackElo "2339"]
[Result "1-0"]
[Round "04"]
[TimeControl "180+1"]
[Date "2022.09.20"]
[WhiteClock "0:00:58"]
[BlackClock "0:00:05"]

1. e4 c6 2. Nf3 d5 3. d3 g6 4. Be2 Bg7 5. O-O e5 6. Nbd2 Ne7 7. Re1 O-O 8. Bf1 d4 9. Nc4 b5 10. Ncd2 Na6 11. c3 dxc3 12. bxc3 Nc5 13. Ba3 Ne6 14. Rc1 c5 15. d4 exd4 16. cxd4 b4 17. Bb2 cxd4 18. Nb3 Bb7 19. Bc4 Rc8 20. Bxe6 fxe6 21. Rxc8 Qxc8 22. Bxd4 Rd8 23. Qa1 Bh6 24. Bxa7 Qc3 25. Qb1 Rc8 26. h3 Qc2 27. Bc5 Qxb1 28. Rxb1 Bxe4 29. Re1 Bxf3 30. Bxe7 Bd5 31. Bxb4 Ra8 32. Re2 Rb8 33. Bd6 Rb6 34. Bg3 Bc4 35. Rc2 Bd5 36. Nc5 Rb1+ 37. Kh2 Ra1 38. a4 Bf8 39. Be5 Ra3 40. Nd7 Be7 41. Rc8+ Kf7 42. Nb6 Ra2 43. Rc7 Re2 44. Bd6 Rxf2 45. Rxe7+ Kf6 46. Nxd5+ exd5 47. Rxh7 d4 48. Bc5 Rf4 49. Rd7 d3 50. a5 Ra4 51. Rxd3 Rxa5 52. Rf3+ Kg5 53. Be3+ Kh5 54. Rf8 g5 55. Rh8+ Kg6 56. Rg8+ Kh5 57. Rxg5+ 1-0


[Site "https://www.chess.com"]

[Event "Titled Tuesday Blitz September 20 Late 2022"]
[White "Perske, Thore"]
[Black "Melkumyan, Hrant"]
[WhiteFideId "12902195"]
[BlackFideId "13302485"]
[WhiteElo "2315"]
[BlackElo "2604"]
[Result "0-1"]
[Round "04"]
[TimeControl "180+1"]
[Date "2022.09.20"]
[WhiteClock "0:00:01"]
[BlackClock "0:01:08"]

1. e4 e6 2. d4 d5 3. Nd2 dxe4 4. Nxe4 Bd7 5. Nf3 Bc6 6. Bd3 Nd7 7. Qe2 Ngf6 8. Ng3 Bd6 9. Bd2 O-O 10. Ne5 a5 11. Nxc6 bxc6 12. O-O a4 13. Ne4 c5 14. dxc5 Nxc5 15. Nxc5 Bxc5 16. Rad1 Qb8 17. Bc3 Nd5 18. Qe4 g6 19. Be5 Bd6 20. b3 c6 21. Bxd6 Qxd6 22. Bc4 Qc7 23. Qd4 Rfd8 24. Qc5 Ra5 25. Qd4 Raa8 26. Qc5 Rd7 27. bxa4 Rxa4 28. Bb3 Rh4 29. g3 Rh5 30. Qd4 c5 31. Qd3 Nb6 32. Qe2 Rxd1 33. Rxd1 c4 34. Bxc4 Nxc4 35. Rd4 Rc5 0-1


[Site "https://www.chess.com"]

[Event "Titled Tuesday Blitz September 20 Late 2022"]
[White "Ribeiro, Matheus Mendes Domingues"]
[Black "Ceres, Dragos"]
[WhiteFideId "324226923"]
[BlackFideId "13905864"]
[WhiteElo "2047"]
[BlackElo "2150"]
[Result "0-1"]
[Round "04"]
[TimeControl "180+1"]
[Date "2022.09.20"]
[WhiteClock "0:00:01"]
[BlackClock "0:01:34"]

1. c4 e6 2. Nf3 d5 3. e3 Nf6 4. Nc3 Be7 5. b3 O-O 6. Bb2 c5 7. cxd5 exd5 8. d4 Nc6 9. Be2 Bg4 10. O-O Rc8 11. Rc1 a6 12. dxc5 Be6 13. Nd4 Bxc5 14. Na4 Bxd4 15. Bxd4 Nxd4 16. Qxd4 Qa5 17. Bf3 h6 18. Qb6 Qd2 19. Rxc8 Rxc8 20. Qxb7 Rc2 21. Qxa6 Bf5 22. Qa8+ Kh7 23. Qd8 Bd3 24. Rd1 Qxf2+ 25. Kh1 Bf1 26. g3 0-1


[Site "https://www.chess.com"]

[Event "Titled Tuesday Blitz September 20 Late 2022"]
[White "Rosen, Eric"]
[Black "Caruana, Fabiano"]
[WhiteFideId "2032562"]
[BlackFideId "2020009"]
[WhiteElo "2362"]
[BlackElo "2847"]
[Result "0-1"]
[Round "04"]
[TimeControl "180+1"]
[Date "2022.09.20"]
[WhiteClock "0:00:01"]
[BlackClock "0:00:08"]

1. d4 Nf6 2. Bf4 d6 3. Nc3 g6 4. e4 Bg7 5. Qd2 c6 6. f3 b5 7. O-O-O Qa5 8. Kb1 b4 9. Nce2 O-O 10. Bh6 e5 11. h4 Be6 12. Nc1 exd4 13. g4 Nbd7 14. Bxg7 Kxg7 15. Qxd4 Ne5 16. g5 Nh5 17. Nge2 c5 18. Qe3 Rab8 19. f4 Nc4 20. Qf3 Nxb2 21. Kxb2 c4 22. Ka1 c3 23. Nb3 Bxb3 24. cxb3 Rbc8 25. Rc1 Rfe8 26. Bh3 Rc7 27. Rc2 Rce7 28. f5 Rxe4 29. fxg6 hxg6 30. Rf1 R8e7 31. Ng3 Re1+ 32. Rc1 Rxc1+ 33. Rxc1 Qa3 34. Rb1 Kg8 35. Nxh5 gxh5 36. Qf6 c2 37. Qxe7 c1=Q 0-1


[Site "https://www.chess.com"]

[Event "Titled Tuesday Blitz September 20 Late 2022"]
[White "Salem, A.R. Saleh"]
[Black "Godzwon, Iwo"]
[WhiteFideId "9301348"]
[BlackFideId "21802483"]
[WhiteElo "2628"]
[BlackElo "2201"]
[Result "1-0"]
[Round "04"]
[TimeControl "180+1"]
[Date "2022.09.20"]
[WhiteClock "0:02:29"]
[BlackClock "0:01:01"]

1. d4 Nf6 2. c4 e6 3. Nc3 Bb4 4. a3 Bxc3+ 5. bxc3 O-O 6. f3 c5 7. e4 d5 8. cxd5 exd5 9. e5 Nfd7 10. f4 Nc6 11. Nf3 Qa5 12. Bd2 b6 13. Bd3 c4 14. Bxh7+ Kxh7 15. Ng5+ Kg6 16. f5+ Kh6 17. Qg4 g6 18. Qh4+ 1-0


[Site "https://www.chess.com"]

[Event "Titled Tuesday Blitz September 20 Late 2022"]
[White "Sjugirov, Sanan"]
[Black "Iliaguev, Nisim"]
[WhiteFideId "4189302"]
[BlackFideId "2817276"]
[WhiteElo "2609"]
[BlackElo "2107"]
[Result "1-0"]
[Round "04"]
[TimeControl "180+1"]
[Date "2022.09.20"]
[WhiteClock "0:00:42"]
[BlackClock "0:00:18"]

1. e4 c6 2. d4 d5 3. e5 Bf5 4. Nf3 e6 5. Be2 Ne7 6. c3 h6 7. O-O a5 8. a4 c5 9. Na3 Nec6 10. Nb5 Be7 11. Be3 cxd4 12. Nfxd4 Bg6 13. f4 O-O 14. Kh1 Nxd4 15. cxd4 Nc6 16. Bd3 Bxd3 17. Qxd3 Nb4 18. Qe2 Rc8 19. f5 exf5 20. Rxf5 Qd7 21. Raf1 Nc2 22. Bd2 Rc4 23. Qg4 Kh7 24. Bxh6 Qxf5 25. Qxf5+ Kxh6 26. Qh3+ Kg6 27. b3 Rc6 28. Qf3 Kh7 29. Qxd5 Kg8 30. Qe4 Rd8 31. d5 Rcc8 32. d6 Bf8 33. e6 fxe6 34. Qxe6+ Kh8 35. Rf3 1-0


[Site "https://www.chess.com"]